 Dungeon Crawl Stone Soup version 0.31-a0-198-g2ad674f65e (webtiles) character file.

Game seed: 10002435300047706174

186 qw the Skirmisher (level 5, -4/29 HPs)
             Began as a Deep Elf Hunter on June 25, 2023.
             Slain by an orc priest
             ... wielding a +0 club
              (5 damage)
             ... on level 4 of the Dungeon.
             The game lasted 00:01:02 (2348 turns).

qw the Skirmisher (Deep Elf Hunter)                 Turns: 2348, Time: 00:01:03

Health: -4/29      AC:  8    Str: 10    XL:     5   Next: 38%
Magic:  7/7        EV: 12    Int: 14    God:
Gold:   180        SH:  0    Dex: 24    Spells: 4/4 levels left

rFire   . . .        Y - +1 shortbow
rCold   . . .        (shield currently unavailable)
rNeg    . . .        e - +0 ring mail
rPois   +            d - +1 helmet
rElec   .            (no cloak)
rCorr   .            (no gloves)
SInv    .            k - +0 pair of boots
Will    .....        (no amulet)
Stlth   ++           m - ring of poison resistance
HPRegen 0.24/turn    p - +6 ring of dexterity
MPRegen 0.10/turn

%: no passive effects
@: about to teleport
A: no striking features
a: no special abilities


You were on level 4 of the Dungeon.
You visited 1 branch of the dungeon, and saw 4 of its levels.

You collected 180 gold pieces.


   Skills:
 - Level 1.5 Fighting
 + Level 8.6 Ranged Weapons
 - Level 3.1 Dodging
 - Level 1.2 Stealth


You had 4 spell levels left.
You didn't know any spells.
Your spell library was empty.

Inventory:

Hand Weapons
 Y - a +1 shortbow (weapon)
Armour
 d - a +1 helmet (worn)
 e - a +0 ring mail (worn)
 k - a +0 pair of boots (worn)
Jewellery
 m - a ring of poison resistance (left hand)
 o - a ring of fire
 p - a +6 ring of dexterity (right hand)
Scrolls
 h - 2 scrolls of identify
 j - a scroll of teleportation
Potions
 a - a potion of heal wounds
 b - a potion of experience {unknown}
 c - a potion of cancellation {unknown}
 f - a potion of curing
 g - a potion of invisibility {unknown}
 i - a potion of enlightenment {unknown}
 l - a potion of lignification {unknown}

Dungeon Overview and Level Annotations

Branches:
Dungeon (4/15)
 Temple: D:4-7

Altars:

Shops:
D:1 (


Message History

The gnoll barely misses you.
An endoplasm comes into view.
A gnoll comes into view. It is wielding a +0 whip.
The gnoll hits you with a +0 flail.
The endoplasm moves out of view.
You shoot an arrow. The gnoll shouts!
The arrow hits the gnoll.
The gnoll is heavily wounded.
The gnoll barely misses you. The gnoll hits you but does no damage.
The orc priest invokes the aid of Beogh against you.
Beogh smites you!
You shoot an arrow. The endoplasm quivers.
The arrow hits the gnoll!
You kill the gnoll!
An adder comes into view.
The gnoll barely misses you.
You shoot an arrow. The arrow completely misses the gnoll.
The gnoll hits you but does no damage.
You shoot an arrow. The arrow completely misses the gnoll.
The gnoll barely misses you.
You shoot an arrow. The arrow hits the orc priest.
The orc priest is heavily wounded.
The gnoll hits you but does no damage.
You shoot an arrow. The arrow hits the orc priest.
The orc priest is severely wounded.
The gnoll misses you. The orc priest closely misses you.
The endoplasm jiggles.
You shoot an arrow.
The arrow completely misses the orc priest.
The arrow barely misses the endoplasm.
The orc priest closely misses you. The gnoll closely misses you.
The gnoll hits you from afar with a +0 spear!
The orc priest hits you with a +0 club.
2348 ||| READING 2 scrolls of teleportation.
As you read the scroll of teleportation, it crumbles to dust.
You feel strangely unstable.
The gnoll hits you from afar with a +0 spear.
The orc priest hits you with a +0 club.
You die...

... #......).#..### ...
##.#..........## .
##.###.#..###......#
#.##...#..##.../........
.......#..##............
#......................
.#.......###............
...........#............
..##..J@.............#..
#...go)###....####.##..
#....g## (....# .#
....... ..###.# #
....... .## .. .......
......! .#..$..


You could see an orc priest, 2 gnolls and an endoplasm.

Vanquished Creatures
  A jelly (D:4)
  3 adders
  4 gnolls
  2 river rats (D:3)
  3 worms
  A dart slug (D:1)
  An orc (D:3)
  9 ball pythons
  4 bats
  3 endoplasms
  5 giant cockroaches
  4 goblins
  4 jackals (D:3)
  6 kobolds
  5 quokkas
  5 frilled lizards
  6 rats
66 creatures vanquished.

Notes
Turn   | Place    | Note
-------+----------+-------------------------------------------
     0 | D:1      | qw the Deep Elf Hunter began the quest for the Orb.
     0 | D:1      | Reached XP level 1. HP: 12/12 MP: 3/3
     0 | D:1      | 0 ||| qw: Version: 0.3-a-22-g0ed2b0b
     0 | D:1      | 0 ||| qw: Game counter: 4867
     0 | D:1      | 0 ||| qw: Melee chars always use a shield: true
     0 | D:1      | 0 ||| qw: God list: Okawaru
     0 | D:1      | 0 ||| qw: Allow faded altars: false
     0 | D:1      | 0 ||| qw: Do Orc after clearing Dungeon:15 true
     0 | D:1      | 0 ||| qw: Do second Lair branch before Depths: true
     0 | D:1      | 0 ||| qw: Lair rune preference: random
     0 | D:1      | 0 ||| qw: Goals: Normal
     0 | D:1      | 0 ||| PLANNING D:1-11
   194 | D:1      | 194 ||| FLEEEEING.
   195 | D:1      | 195 ||| FLEEEEING.
   203 | D:1      | Reached skill level 6 in Ranged Weapons
   203 | D:1      | Reached XP level 2. HP: 16/16 MP: 4/4
   404 | D:1      | Found Ugobal's Antique Weapon Emporium.
   576 | D:1      | 576 ||| UPGRADING to +1 helmet.
   581 | D:1      | 581 ||| UPGRADING to +0 ring mail.
   591 | D:1      | 591 ||| DROPPING +0 leather armour.
   592 | D:1      | 592 ||| READING scroll labelled JEUHIO IPNURET.
   596 | D:1      | 596 ||| READING scroll labelled UDASATHY WIEC.
   597 | D:1      | 597 ||| READING scroll labelled LOKEEL BUSKOA.
   698 | D:1      | 698 ||| READING scroll labelled CYBAGR NOORE.
   699 | D:1      | 699 ||| DROPPING scroll of butterflies.
   790 | D:2      | Reached XP level 3. HP: 18/20 MP: 5/5
   979 | D:2      | HP: 5/20 [worm (9)]
   982 | D:2      | HP: 1/20 [worm (4)]
  1147 | D:2      | Reached skill level 7 in Ranged Weapons
  1435 | D:2      | 1435 ||| READING scroll labelled BEULIFUEKU.
  1436 | D:2      | 1436 ||| READING scroll labelled ORURHE MOUHY.
  1472 | D:2      | 1472 ||| READING scroll labelled SOMPOM NEDGH.
  1495 | D:3      | 1495 ||| PLANNING SEWER
  1554 | D:3      | Reached XP level 4. HP: 25/25 MP: 6/6
  1618 | D:3      | Identified the +5 dagger "Caplim" {freeze, rPois Will+
                  | Dex+5}
  1649 | D:3      | Reached skill level 8 in Ranged Weapons
  2110 | D:3      | 2110 ||| RIP SEWER
  2137 | D:3      | 2137 ||| PLANNING D:1-11
  2245 | D:3      | Reached XP level 5. HP: 28/29 MP: 7/7
  2259 | D:3      | 2259 ||| UPGRADING to +0 pair of boots.
  2264 | D:3      | 2264 ||| UPGRADING to ring of poison resistance.
  2265 | D:3      | 2265 ||| UPGRADING to +6 ring of dexterity.
  2266 | D:3      | 2266 ||| DRINKING 2 dark potions.
  2267 | D:3      | 2267 ||| DRINKING 2 lumpy yellow potions.
  2268 | D:3      | 2268 ||| READING 2 scrolls of identify.
  2268 | D:3      | 2268 ||| IDENTIFYING brown potion
  2269 | D:3      | 2269 ||| DROPPING potion of brilliance.
  2303 | D:4      | Reached skill level 3 in Dodging
  2347 | D:4      | HP: 6/29 [orc priest/+0 club (2)]
  2348 | D:4      | 2348 ||| READING 2 scrolls of teleportation.
  2348 | D:4      | HP: 1/29 [gnoll/+0 spear (5)]
  2348 | D:4      | Slain by an orc priest

Levels and vault maps discovered:
D:1:      giann_forest_graveyard, layout_basic, serial_shops,
          nicolae_shop_back_alley_shop, minmay_misc_feat_four_crosses
D:2:      layout_loops_ring, minmay_3d_cube
D:3:      layout_basic, gup_sewer_entry_bubbles
D:4:      layout_cave_pools, minmay_temple_entry_proselytizer

Skill      XL: |  1  2  3  4  5 |
---------------+----------------+-----
Ranged Weapons | 6 7 8 |  8.6
Dodging        | 3 |  3.1
Fighting       | |  1.5
Stealth        | |  1.2

Action                     |  1- 3 |  4- 6 || total
---------------------------+-------+-------++-------
   Fire: Shortbow          |   123 |   118 ||   241
    Use: Scroll            |     7 |     2 ||     9
         Potion            |       |     2 ||     2
 Armour: Leather armour    |     1 |       ||     1
         Ring mail         |    14 |    22 ||    36
  Dodge: Dodged            |    26 |    32 ||    58

Table legend:
 A = Non-vault XP
 B = Vault XP
 C = Vault XP percentage of total XP
 D = Non-vault monster count
 E = Vault monster count
 F = Vault count percentage of total count
                 A         B        C        D         E       F
            +---------+---------+-------+---------+---------+-------
      Total |     226 |      41 |  15.4 |      57 |       9 |  13.6
            +---------+---------+-------+---------+---------+-------
        D:1 |      28 |       0 |   0.0 |      18 |       0 |   0.0
        D:2 |      50 |       4 |   7.4 |      13 |       2 |  13.3
        D:3 |      94 |      37 |  28.2 |      24 |       7 |  22.6
        D:4 |      54 |       0 |   0.0 |       2 |       0 |   0.0
            +---------+---------+-------+---------+---------+-------
